 Dungeon Crawl Stone Soup version 0.18.1-5-g4a78601 (webtiles) character file.

12 M4edhros the Grave Robber (level 2, -2/17 HPs)
             Began as an Octopode Necromancer on May 11, 2016.
             Slain by a goblin
             ... wielding a +0 dagger
              (4 damage)
             ... on level 2 of the Dungeon.
             The game lasted 00:00:45 (147 turns).

M4edhros the Grave Robber (Octopode Necromancer)     Turns: 147, Time: 00:00:45

Health: -2/17      AC:  1    Str:  7    XL:     2   Next: 33%
Magic:  5/5        EV: 12    Int: 17    God:
Gold:   17         SH:  0    Dex: 12    Spells: 2 memorised, 3 levels left

rFire  . . .     SeeInvis .       - Unarmed
rCold  . . .     Gourm    .     (no shield)
rNeg   . . .     Faith    .     (helmet restricted)
rPois  .         Spirit   .     (no amulet)
rElec  .         Dismiss  .     (no ring)
rCorr  .         Reflect  .     (no ring)
SustAt .         Harm     .     (no ring)
MR     .....                    (no ring)
Stlth  +++.......               (no ring)
                                (no ring)
                                (no ring)
                                (no ring)

@: not resistant to hostile enchantments, fairly stealthy
A: almost no armour, amphibious, 8 rings, constrict 8, camouflage 1, gelatinous
body 1
a: no special abilities


You were on level 2 of the Dungeon.
You were not hungry.

You visited 1 branch of the dungeon, and saw 2 of its levels.

You collected 17 gold pieces.

Inventory:

Scrolls
 c - a scroll of remove curse {unknown}
 d - a scroll of identify {unknown}
Books
 a - a book of Necromancy

   Spells                             Type                      Level
   a - Pain                           Necromancy                   1
   b - Animate Skeleton               Necromancy                   1
   c - Vampiric Draining              Necromancy                   3
   d - Regeneration                   Charms/Necromancy            3
   e - Animate Dead                   Necromancy                   4
   f - Control Undead                 Necromancy                   4
Comestibles
 b - a bread ration
 f - 2 chunks of flesh


   Skills:
 - Level 2.0 Dodging
 - Level 2.6 Stealth
 + Level 1.9 Unarmed Combat
 - Level 2.0 Spellcasting
 - Level 4.0 Necromancy


You had 3 spell levels left.
You knew the following spells:

 Your Spells              Type           Power        Failure   Level  Hunger
a - Pain                  Necr           ###.         3%          1    #......
b - Animate Skeleton      Necr           N/A          3%          1    #......


Dungeon Overview and Level Annotations

Branches:
Dungeon (2/15)

Altars:


Innate Abilities, Weirdness & Mutations

You cannot wear most types of armour.
You are amphibious.
You can wear up to eight rings at the same time.
You can use your tentacles to constrict eight enemies at once.
Your skin changes colour to match your surroundings (Stealth).
Your rubbery body absorbs attacks (AC +1).


Message History

You squeeze the hobgoblin.
The hobgoblin is heavily wounded.
You constrict the hobgoblin, but do no damage.
The hobgoblin misses you.
You tentacle-slap the hobgoblin.
The hobgoblin is severely wounded.
You constrict the hobgoblin. The hobgoblin closely misses you.
You tentacle-slap the hobgoblin but do no damage.
The hobgoblin is severely wounded.
You constrict the hobgoblin, but do no damage.
The hobgoblin barely misses you.
You tentacle-slap the hobgoblin.
You kill the hobgoblin!
The goblin hits you with a dagger.
* * * LOW HITPOINT WARNING * * *
You tentacle-slap the goblin but do no damage.
You grab the goblin.
You constrict the goblin, but do no damage.
The goblin hits you with a dagger.
You die...

########## #.##
#........###..#
####........#.....
#@gg............#.
####..............
#..[...........
#..............
#.......[......
#..............
#.............<
#........##..##
###########..#


You could see a hobgoblin and a goblin.

Vanquished Creatures
  A ball python (D:2)
  A bat (D:2)
  2 giant cockroaches (D:1)
  A goblin (D:1)
  2 hobgoblins
  A kobold (D:1)
  2 rats (D:1)
10 creatures vanquished.

Notes
Turn   | Place    | Note
--------------------------------------------------------------
     0 | D:1      | M4edhros the Octopode Necromancer began the quest for the Orb.
     0 | D:1      | Reached XP level 1. HP: 11/11 MP: 3/3
    29 | D:1      | Reached skill level 1 in Unarmed Combat
    57 | D:1      | Reached XP level 2. HP: 11/17 MP: 1/5
    64 | D:1      | Learned a level 1 spell: Animate Skeleton
   147 | D:2      | Slain by a goblin

Skill      XL: |  1 |
---------------+----+-----
Unarmed Combat | 1 |  1.9
Dodging        | |  2.0
Stealth        | |  2.6
Spellcasting   | |  2.0
Necromancy     | |  4.0

Action                   || total
-------------------------++-------
Melee: Unarmed           ||    22
       Constrict         ||     6
       Tentacles         ||     2
       Punch             ||     2
 Cast: Pain              ||     6
       Animate Skeleton  ||     1
 Stab: Sleeping          ||     1
Dodge: Dodged            ||    14
